 Dungeon Crawl Stone Soup version 0.21-a0-521-g1cd18d1 (webtiles) character file.

45 Gerstahl the Insei (level 3, 0/28 HPs)
             Began as a Demonspawn Transmuter on Dec 5, 2017.
             Slain by a gnoll
             ... wielding a +0 flail
              (6 damage)
             ... on level 1 of the Dungeon.
             The game lasted 00:03:21 (1877 turns).

Gerstahl the Insei (Demonspawn Transmuter)          Turns: 1877, Time: 00:03:22

Health: 0/28       AC:  2    Str: 11    XL:     3   Next: 42%
Magic:  0/6        EV: 12    Int: 14    God:
Gold:   45         SH:  0    Dex: 13    Spells: 5/6 levels left

rFire    . . .     SeeInvis .     - Unarmed
rCold    + . .     Gourm    .   (no shield)
rNeg     . . .     Faith    .   b - +0 robe
rPois    .         Spirit   +   (no helmet)
rElec    .         Reflect  .   (no cloak)
rCorr    .         Harm     .   (no gloves)
MR       .....                  (no boots)
Stlth    +.........             (no amulet)
HPRegen  0.09/turn              (no ring)
MPRegen  0.10/turn              (no ring)

@: appendage
A: horns 2, cold resistance 1, magic shield
a: End Transformation


You were on level 1 of the Dungeon.
You were not hungry.
You had grown temporary horns.
You visited 1 branch of the dungeon, and saw 2 of its levels.

You collected 45 gold pieces.

Inventory:

Missiles
 a - 12 arrows
Armour
 b - a +0 robe (worn)
Scrolls
 h - a scroll of identify {unknown}
 l - a scroll of enchant weapon {unknown}
 m - 2 scrolls of remove curse {unknown}
 n - a scroll of amnesia {unknown}
 o - a scroll of random uselessness {unknown}
Potions
 e - a potion of lignification {unknown}
 g - a potion of invisibility {unknown}
 j - a potion of mutation {unknown}
 k - a potion of brilliance {unknown}
 q - a potion of magic {unknown}
Books
 c - a book of Changes

   Spells                             Type                      Level
   a - Beastly Appendage              Transmutation                1
   b - Sticks to Snakes               Transmutation                2
   c - Spider Form                    Transmutation/Poison         3
   d - Ice Form                       Ice/Transmutation            4
   e - Blade Hands                    Transmutation                5
Comestibles
 d - 3 bread rations
 f - 3 meat rations
 i - a royal jelly


   Skills:
 + Level 2.4 Fighting
 - Level 1.7 Dodging
 + Level 3.4 Unarmed Combat
 - Level 2.0 Spellcasting
 - Level 1.7 Transmutations


You had 5 spell levels left.
You knew the following spells:

 Your Spells              Type           Power        Failure   Level  Hunger
a - Beastly Appendage     Tmut           #.....       12%         1    ##.....


Dungeon Overview and Level Annotations

Branches:
Dungeon (2/15)

Altars:


Innate Abilities, Weirdness & Mutations

Your flesh is cold resistant. (rC+)
When hurt, damage is shared between your health and your magic reserves.
You have a pair of horns on your head.


Message History

The gnoll hits you with a flail! The gnoll barely misses you.
The gnoll closely misses you.
You climb upwards.
There is a stone staircase leading down here.
Casting: Beastly Appendage
Confirm with . or Enter, or press ? or * to list all spells.
You grow a pair of large bovine horns.
The gnoll hits you with a flail.
You hit the gnoll.
The gnoll is lightly wounded.
The gnoll hits you with a flail.
* * * LOW HITPOINT WARNING * * *
You barely miss the gnoll. Your headbutt misses the gnoll.
The gnoll is lightly wounded.
You closely miss the gnoll. Your headbutt misses the gnoll.
The gnoll is lightly wounded.
The gnoll barely misses you.
You hit the gnoll but do no damage.
The gnoll is lightly wounded.
The gnoll hits you with a flail!
You die...

#.##### #.# #.....# #.# #.###.#
#.# ##### #.# #.# #.# #.... #.#
#.# #.# #.### #.###.###### #.#
#.#.. ####.#........# #.# #.#..
#.......#####.#####.#######.###
#.......'....g@.........)......
#.......#####...........#######
#.......# #............').....
#.......####+#.####.....#######
#####...........# #######
#...........###############
#.(........................
########'#).......)........
#.............############


You could see a gnoll.

Vanquished Creatures
  An adder (D:2)
  An ooze (D:1)
  A giant cockroach (D:1)
  6 goblins
  8 hobgoblins
  5 bats
  4 frilled lizards
  A kobold (D:2)
  4 rats
31 creatures vanquished.

Notes
Turn   | Place    | Note
-------+----------+-------------------------------------------
     0 | D:1      | Gerstahl the Demonspawn Transmuter began the quest for the Orb.
     0 | D:1      | Reached XP level 1. HP: 15/15 MP: 3/3
   140 | D:1      | Reached skill level 3 in Unarmed Combat
   140 | D:1      | Gained mutation: When hurt, damage is shared between your health and your magic reserves. [demonic ancestry]
   140 | D:1      | Reached XP level 2. HP: 13/21 MP: 3/5
   985 | D:2      | Gained mutation: Your flesh is cold resistant. (rC+) [demonic ancestry]
   985 | D:2      | Reached XP level 3. HP: 13/27 MP: 2/6
  1016 | D:2      | HP: 1/28 [poisoned by an adder]
  1877 | D:1      | Slain by a gnoll

Vault maps used:
D:1:      dpeg_arrival_rooms_c
D:2:      lemuel_round_altar

Skill      XL: |  1  2 |
---------------+-------+-----
Unarmed Combat | 3 |  3.4
Fighting       | 2 |  2.4
Dodging        | |  1.7
Spellcasting   | |  2.0
Transmutations | |  1.7

Action                   || total
-------------------------++-------
Melee: Unarmed           ||   109
       Kick              ||     8
       Headbutt          ||     3
 Cast: Beastly Appendage ||     7
 Stab: Sleeping          ||     1
  Eat: Chunk             ||     3
Armor: Robe              ||    30
Dodge: Dodged            ||    91

Table legend:
 A = Spawn XP
 B = Non-spawn XP
 C = Spawn XP percentage of total XP
 D = Spawn monster count
 E = Non-spawn monster count
 F = Spawn count percentage of total count
 G = Total turns spent on level
                    A         B        C        D         E        F      G
               +---------+---------+-------+---------+---------+-------+---------
         Total |       0 |      65 |   0.0 |       0 |      31 |   0.0 |  1877
               +---------+---------+-------+---------+---------+-------+---------
           D:1 |       0 |      38 |   0.0 |       0 |      20 |   0.0 |  1009
           D:2 |       0 |      27 |   0.0 |       0 |      11 |   0.0 |   868
               +---------+---------+-------+---------+---------+-------+---------
